 Dungeon Crawl Stone Soup version 0.21.0-3-g78d12a8bdd (webtiles) character file.

8 Esekla the Magician (level 2, -2/20 HPs)
             Began as a Formicid Wizard on Jan 10, 2018.
             Slain by a worm (10 damage)
             ... on level 4 of the Dungeon.
             The game lasted 00:07:00 (432 turns).

Esekla the Magician (Formicid Wizard)                Turns: 432, Time: 00:07:01

Health: -2/20      AC:  2    Str: 16    XL:     2   Next: 15%
Magic:  6/6        EV: 12    Int: 17    God:
Gold:   16         SH:  0    Dex:  9    Spells: 6/7 levels left

rFire    . . .     SeeInvis +   h - +0 hand axe
rCold    . . .     Gourm    .   (no shield)
rNeg     . . .     Faith    .   a - +0 robe
rPois    .         Spirit   .   (helmet unavailable)
rElec    .         Reflect  .   (no cloak)
rCorr    .         Harm     .   (no gloves)
MR       .....                  (no boots)
Stlth    ++........             (no amulet)
HPRegen  0.06/turn              (no ring)
MPRegen  0.10/turn              (no ring)

@: mighty
A: permanent stasis, dig shafts and tunnels, four strong arms, antennae 3
a: Dig, Shaft Self


You were on level 4 of the Dungeon.
You were not hungry.

You visited 1 branch of the dungeon, and saw 4 of its levels.

You collected 16 gold pieces.

Inventory:

Hand Weapons
 e - a +0 hunting sling
 h - a +0 hand axe (weapon)
Missiles
 g - 2 tomahawks (quivered)
Armour
 a - a +0 robe (worn)
Scrolls
 d - a scroll of amnesia
Books
 b - a book of Minor Magic

   Spells                             Type                      Level
   a - Magic Dart                     Conjuration                  1
   b - Blink                          Translocation                2
   c - Call Imp                       Summoning                    2
   d - Slow                           Hexes                        2
   e - Conjure Flame                  Conjuration/Fire             3
   f - Mephitic Cloud                 Conjuration/Poison/Air       3
Comestibles
 c - 2 rations


   Skills:
 * Level 0.9 Fighting
 + Level 1.9 Dodging
 + Level 2.7 Stealth
 - Level 3.2 Spellcasting
 * Level 1.1 Conjurations
   Level 1.0 Summonings
   Level 0.8 Translocations


You had 6 spell levels left.
You knew the following spells:

 Your Spells              Type           Power        Failure   Level  Hunger
a - Magic Dart            Conj           #...         11%         1    None


Dungeon Overview and Level Annotations

Branches:
Dungeon (4/15)             Temple (0/1) D:4

Altars:

Annotations:
D:4 1 transporter


Innate Abilities, Weirdness & Mutations

You cannot be hasted, slowed, berserked, paralysed or teleported.
You can dig through walls and to a lower floor.
Your four strong arms can wield two-handed weapons with a shield.
You have a pair of large antennae on your head. (SInv)


Message History

You sense a monster nearby.
You miss the quokka. The quokka completely misses you.
You slash the quokka!
You kill the quokka!
A worm comes into view.
An orc comes into view.
There is a stone staircase leading up here.
You hit the worm.
The worm is moderately wounded.
The worm barely misses you.
You hit the worm.
The worm is heavily wounded.
You completely miss the worm.
The worm is heavily wounded.
The worm closely misses you.
You barely miss the worm.
The worm is heavily wounded.
The worm bites you!
Ouch! That really hurt!
You die...

#....# ... ...# #
#....# ... ...# #.
#....# .... ...# #.
#.##....#..... ...#
#.##..#....#...
...####.........w.. {
.....#...##......#
.....#...###..#w##
...............)@#
.....#...###...###.#
.....................
####.....####...#....
#....## ##..# r..
#....# #..# .
####.{..# o..#
#..o....# .(.#
#.####### ...


You could see a worm.

Vanquished Creatures
  2 orcs (D:4)
  A giant cockroach (D:4)
  A hobgoblin (D:1)
  A quokka (D:4)
5 creatures vanquished.

Notes
Turn   | Place    | Note
-------+----------+-------------------------------------------
     0 | D:1      | Esekla the Formicid Wizard began the quest for the Orb.
     0 | D:1      | Reached XP level 1. HP: 13/13 MP: 4/4
   190 | D:1      | You fall through a shaft!
   200 | D:2      | You fall through a shaft for 2 floors!
   200 | D:4      | Found a transporter.
   212 | D:4      | Reached skill level 1 in Conjurations
   231 | D:4      | Found a staircase to the Ecumenical Temple.
   400 | D:4      | Reached XP level 2. HP: 6/20 MP: 3/6
   405 | D:4      | Learned a level 1 spell: Magic Dart
   432 | D:4      | Slain by a worm

Skill      XL: |  1 |
---------------+----+-----
Conjurations   | 1 |  1.1
Fighting       | |  0.9
Dodging        | |  1.9
Stealth        | |  2.7
Spellcasting   | |  3.2
Summonings     | |  1.0
Translocations | |  0.8

Action                   || total
-------------------------++-------
Melee: Hand axe          ||    10
       Unarmed           ||     3
 Cast: Magic Dart        ||     9
 Abil: Shaft Self        ||     2
       Dig               ||     1
  Use: Scroll            ||     1
       Potion            ||     1
Armor: Robe              ||     2
Dodge: Dodged            ||    11
